 Dungeon Crawl Stone Soup version 0.24.0-2-g5b39cebb1c (webtiles) character file.

Game seed: 11507607245865660741, levelgen mode: deterministic

167 Mrkan the Ruffian (level 5, -3/52 HPs)
             Began as a Troll Hunter on Oct 29, 2019.
             Slain by an orc
             ... wielding a +0 flail
              (9 damage)
             ... on level 3 of the Dungeon.
             The game lasted 00:04:10 (1605 turns).

Mrkan the Ruffian (Troll Hunter)                    Turns: 1605, Time: 00:04:10

Health: -3/52      AC:  6    Str: 20    XL:     5   Next: 23%
Magic:  4/4        EV: 10    Int:  8    God:
Gold:   112        SH:  0    Dex: 10    Spells: 4/4 levels left

rFire    . . .     SeeInvis .     - Unarmed
rCold    . . .     Gourm    +   (no shield)
rNeg     . . .     Faith    .   b - +0 robe
rPois    .         Spirit   .   (helmet restricted)
rElec    .         Reflect  .   (no cloak)
rCorr    .         Harm     .   (gloves unavailable)
MR       .....     Rnd*Tele +   (boots unavailable)
Stlth    +.........             (no amulet)
HPRegen  0.57/turn              e - ring of teleportation (curse)
MPRegen  0.09/turn              (no ring)

@: no status effects
A: large, unfitting armour, claws 3, fast metabolism 3, gourmand, regeneration
1, shaggy fur 1, tough skin 3
a: no special abilities


You were on level 3 of the Dungeon.
You were very full.

You visited 1 branch of the dungeon, and saw 3 of its levels.

You collected 112 gold pieces.

Inventory:

Missiles
 c - 5 large rocks (quivered)
 d - 2 throwing nets
Armour
 b - a +0 robe (worn)
Jewellery
 e - a cursed ring of teleportation (left claw)
 q - an uncursed amulet of the gourmand {unknown}
Scrolls
 a - a scroll of identify
 k - 2 scrolls of fear {unknown}
 l - a scroll of teleportation {unknown}
 m - a scroll of fog {unknown}
 p - a scroll of remove curse {unknown}
 r - 3 scrolls of amnesia {unknown}
 s - a scroll of blinking {unknown}
Potions
 g - a potion of flight {unknown}
 h - 2 potions of brilliance {unknown}
 i - a potion of curing {unknown}
 j - a potion of magic {unknown}
 o - a potion of lignification {unknown}
Comestibles
 f - 4 rations
 n - 13 chunks of flesh


   Skills:
 + Level 2.8 Fighting
 - Level 3.6 Throwing
 - Level 1.5 Dodging
 - Level 0.3 Stealth
 * Level 4.0 Unarmed Combat


You had 4 spell levels left.
You didn't know any spells.
Your spell library was empty.

Dungeon Overview and Level Annotations

Branches:
Dungeon (3/15)

Altars:
Gozag

Annotations:
D:3 Natasha


Innate Abilities, Weirdness & Mutations

You are too large for most types of armour.
You have claws for hands.
Your metabolism is lightning-fast.
You like to eat raw meat.
Your natural rate of healing is unusually fast.
You are covered in fur. (AC +1)
You have extremely tough skin. (AC +3)


Message History

You closely miss the orc. The orc hits you with a +0 flail.
The orc barely misses you. The orc hits you with a +0 trident.
You scratch the orc but do no damage. Natasha closely misses you.
The orc hits you but does no damage. The orc hits you with a +0 club.
The orc hits you with a +0 trident!
You closely miss Natasha. Natasha claws you.
* * * LOW HITPOINT WARNING * * *
The white imp grins evilly.
The orc barely misses you. The orc closely misses you.
You claw Natasha!
Natasha is heavily wounded.
The orc closely misses you. Natasha claws you.
* * * LOW HITPOINT WARNING * * *
The white imp disappears for a moment.
The white imp barely misses you. The orc hits you with a +0 club.
* * * LOW HITPOINT WARNING * * *
You closely miss Natasha.
Natasha is heavily wounded.
The orc hits you with a +0 flail!
You die...

#. .. ..# ##. .. # .... .. .# #5
...#.##.####.## #. .
............# #. .h. .#
............##..
#..###.#.##....o5........
#..............h@o....... .. ..
#)# ......>.)o)......# #.#
..##r###................# ..
...#Kg....%.........###.#######.#
.#.#................##.......##..
....(...............##....>..###.
............#....................
..#.........#........<..##.......
.###.....#..#............######..


You could see Natasha, a white imp and 3 orcs.

Vanquished Creatures
  Natasha (D:3)
  A worker ant zombie (D:2)
  4 adders
  3 oozes (D:1)
  3 leopard geckos
  9 orcs
  2 ball pythons
  A giant cockroach (D:1)
  7 goblins
  9 hobgoblins
  8 kobolds
  2 quokkas
  7 bats
  4 frilled lizards
  A quokka skeleton (D:2)
  8 rats
70 creatures vanquished.

Notes
Turn   | Place    | Note
-------+----------+-------------------------------------------
     0 | D:1      | Mrkan the Troll Hunter began the quest for the Orb.
     0 | D:1      | Reached XP level 1. HP: 19/19 MP: 0/0
    17 | D:1      | Reached skill level 1 in Unarmed Combat
    49 | D:1      | Reached XP level 2. HP: 15/28 MP: 1/1
   156 | D:1      | Reached skill level 2 in Unarmed Combat
   339 | D:1      | Reached XP level 3. HP: 33/35 MP: 2/2
   879 | D:2      | Found an opulent altar of Gozag.
  1000 | D:2      | Reached skill level 3 in Unarmed Combat
  1000 | D:2      | Reached XP level 4. HP: 39/44 MP: 3/3
  1431 | D:3      | Noticed Natasha
  1514 | D:3      | Killed Natasha
  1514 | D:3      | Reached skill level 4 in Unarmed Combat
  1514 | D:3      | Reached XP level 5. HP: 45/52 MP: 4/4
  1594 | D:3      | Noticed Natasha
  1605 | D:3      | Slain by an orc

Levels and vault maps discovered:
D:1:      grunt_arrival_crossed_arrows, layout_basic, serial_bayou_crossing
D:2:      layout_loops_ring, serial_undead, serial_undead_c, serial_undead_e,
          serial_undead_e, serial_undead_e, grunt_gozag_statues
D:3:      layout_rooms, uniq_natasha, uniq_terence

Skill      XL: |  1  2  3  4 |
---------------+-------------+-----
Unarmed Combat | 1 2 3 4 |  4.0
Fighting       | 2 |  2.8
Throwing       | |  3.6
Dodging        | |  1.5
Stealth        | |  0.3

Action                   |  1- 3 |  4- 6 || total
-------------------------+-------+-------++-------
Melee: Short sword       |    73 |       ||    73
       Unarmed           |    69 |    87 ||   156
       Punch             |     1 |     2 ||     3
  Use: Scroll            |     1 |       ||     1
 Stab: Sleeping          |       |     1 ||     1
  Eat: Chunk             |    13 |     7 ||    20
Armor: Robe              |    97 |    28 ||   125
Dodge: Dodged            |   146 |    62 ||   208
